 Dungeon Crawl Stone Soup version 0.28-a0-823-gb444dcf96d (webtiles) character file.

Game seed: 12637639272356743125

32 happimess2 the Chopper (level 3, 0/33 HPs)
             Began as a Hill Orc Cinder Acolyte on Nov 8, 2021.
             Was a High Priest of Ignis.
             Slain by a goblin (2 damage)
             ... led by Robin
             ... on level 2 of the Dungeon on Nov 9, 2021.
             The game lasted 00:05:41 (1739 turns).

happimess2 the Chopper (Hill Orc Cinder Acolyte)    Turns: 1739, Time: 00:05:42

Health: 0/33       AC:  2    Str: 14 (17) XL:     3   Next: 25%
Magic:  2/4        EV: 11    Int: 13 (14) God:    Ignis [*****.]
Gold:   39         SH:  0    Dex:  5 (6)  Spells: 2/4 levels left

rFire   + . .      SeeInvis .   a - -1 hand axe (flame)
rCold   . . .      Faith    .   (no shield)
rNeg    . . .      Spirit   .   b - +0 robe
rPois   .          Reflect  .   (no helmet)
rElec   .          Harm     .   (no cloak)
rCorr   .          Rampage  .   (no gloves)
Will    .....                   (no boots)
Stlth   +.........              (no amulet)
HPRegen 0.11/turn               (no ring)
MPRegen 0.09/turn               (no ring)

@: no status effects
A: no striking features
a: Renounce Religion, Sea of Fire, Foxfire Swarm, Rising Flame


You were on level 2 of the Dungeon.
You worshipped Ignis.
Ignis was extremely pleased with you.
You visited 1 branch of the dungeon, and saw 2 of its levels.

You collected 39 gold pieces.

Inventory:

Hand Weapons
 a - a -1 hand axe of flaming (weapon)
Armour
 b - a +0 robe (worn)
 f - a +0 buckler
Scrolls
 c - a scroll of magic mapping {unknown}
 e - a scroll of vulnerability {unknown}


   Skills:
 + Level 4.2 Fighting
 * Level 5.2 Axes
 - Level 1.0 Spellcasting
 - Level 3.2 Fire Magic


You had 2 spell levels left.
You knew the following spells:

 Your Spells              Type           Power      Damage    Failure   Level
a - Scorch                Fire           18%        2d5       11%         2

Your spell library contained the following spells:

 Spells                   Type           Power      Damage    Failure   Level


Dungeon Overview and Level Annotations

Branches:
Dungeon (2/15)

Altars:

Annotations:
D:2 Robin


Message History

The goblin barely misses you.
Robin roars a battlecry!
The goblin goes into a battle-frenzy!
You hit the goblin. You burn the goblin.
You kill the goblin!
The goblin no longer looks unusually strong.
You hit the hobgoblin. You burn the hobgoblin.
The hobgoblin is heavily wounded.
The hobgoblin no longer looks unusually strong.
The hobgoblin misses you. Robin throws the goblin at you!
The hobgoblin closely misses you.
You hit the goblin but do no damage. You hit the hobgoblin.
You burn the hobgoblin.
You kill the hobgoblin!
The goblin closely misses you.
You barely miss the goblin. You closely miss the goblin.
The goblin hits you with a +0 dagger. The goblin barely misses you.
Robin roars a battlecry!
The goblins go into a battle-frenzy!
You barely miss the goblin. You hit the goblin. You burn the goblin.
You kill the goblin!
The goblin hits you with a +0 dagger.
Unknown command.
You closely miss the goblin. You miss the goblin.
The goblin hits you with a +0 dagger. x2
* * * LOW HITPOINT WARNING * * *
The goblin hits you with a +0 dagger.
* * * LOW HITPOINT WARNING * * *
Unknown command.
You hit the goblin but do no damage. You closely miss the goblin.
The goblin barely misses you. x2
Unknown command.
You closely miss the goblin. You miss the goblin.
The goblin closely misses you. The goblin hits you with a +0 dagger.
* * * LOW HITPOINT WARNING * * *
Unknown command.
You hit the goblin. You burn the goblin.
The goblin is almost dead.
You hit the goblin. You burn the goblin. The goblin hits you with a +0 dagger.
You die...

#+# #.# #.#
##)#########
##...#.......
#########gg.....###
......g@ggg..)....#
###########.##..#....
#.# ..# ##. #.# ....
#.# #.... #.# #####
#.# #.# #.# ######


You could see Robin, 2 hobgoblins and 3 goblins.

Vanquished Creatures
  4 ball pythons (D:1)
  2 endoplasms
  3 giant cockroaches (D:1)
  6 goblins
  4 hobgoblins
  3 frilled lizards (D:1)
  4 kobolds
26 creatures vanquished.

Notes
Turn   | Place    | Note
-------+----------+-------------------------------------------
     0 | D:1      | happimess2 the Hill Orc Cinder Acolyte began the quest for
                  | the Orb.
     0 | D:1      | Reached XP level 1. HP: 19/19 MP: 2/2
     0 | D:1      | Upgraded the game from 0.28-a0-819-g6ef7baa362 to
                  | 0.28-a0-823-gb444dcf96d
   434 | D:1      | Reached XP level 2. HP: 27/27 MP: 3/3
   437 | D:1      | Learned a level 2 spell: Scorch
  1369 | D:2      | Reached skill level 5 in Axes
  1413 | D:2      | Reached XP level 3. HP: 31/33 MP: 4/4
  1714 | D:2      | Noticed Robin
  1739 | D:2      | Slain by a goblin

Illustrated notes

Levels and vault maps discovered:
D:1:      wheals_arrival_linesprint, layout_basic
D:2:      layout_loops_corners, uniq_robin

Skill      XL: |  1  2 |
---------------+-------+-----
Fighting       | 4 |  4.2
Axes           | 5 |  5.2
Spellcasting   | |  1.0
Fire Magic     | |  3.2

Action                   || total
-------------------------++-------
Melee: Hand axe          ||    63
 Cast: Scorch            ||     6
  Use: Potion            ||     2
Armor: Robe              ||     6
Dodge: Dodged            ||    43

Table legend: (Time is in decaauts)
 A = Elapsed time spent in this place.
 B = Non-inter-level travel time spent in this place.
 C = Inter-level travel time spent in this place.
 D = Time resting spent in this place.
 E = Time spent auto-exploring this place.
 F = Levels seen in this place.
 G = Mean time per level.
                   A        B        C        D        E       F      G
               +--------+--------+--------+--------+--------+-----+--------+
         Total |   1743 |   1674 |     69 |    309 |   1146 |   2 |  871.5 |
       Dungeon |   1743 |   1674 |     69 |    309 |   1146 |   2 |  871.5 |
               +--------+--------+--------+--------+--------+-----+--------+

Top non-repeatable levels by time:
     D:1: 1267 daAuts
     D:2: 476 daAuts
